 Dungeon Crawl Stone Soup version 0.26-a0-720-g2a1d101370 (webtiles) character file.

Game seed: 1398634638427832008

100 snetch the Chopper (level 4, -1/40 HPs)
             Began as a Hill Orc Monk on Nov 3, 2020.
             Slain by an ogre
             ... wielding a +0 giant club
              (16 damage)
             ... on level 4 of the Dungeon.
             The game lasted 00:05:41 (2324 turns).

snetch the Chopper (Hill Orc Monk)                  Turns: 2324, Time: 00:05:41

Health: -1/40      AC:  9    Str: 14    XL:     4   Next: 74%
Magic:  4/4        EV:  7    Int: 10    God:
Gold:   128        SH:  0    Dex: 13    Spells: 3/3 levels left

rFire    . . .     SeeInvis .   a - +0 hand axe
rCold    . . .     Faith    .   (no shield)
rNeg     + . .     Spirit   .   v - +0 chain mail (curse)
rPois    .         Reflect  .   (no helmet)
rElec    .         Harm     .   (no cloak)
rCorr    .         Rampage  .   n - +0 pair of gloves
MR       .....                  (no boots)
Stlth    ..........             (no amulet)
HPRegen  0.13/turn              l - ring of positive energy
MPRegen  0.09/turn              (no ring)

@: no status effects
A: no striking features
a: no special abilities


You were on level 4 of the Dungeon.
You visited 1 branch of the dungeon, and saw 4 of its levels.

You collected 128 gold pieces.

Inventory:

Hand Weapons
 a - a +0 hand axe (weapon)
 b - a +0 flail
Missiles
 d - 144 stones (quivered)
 p - 25 bolts
 q - 21 sling bullets
Armour
 n - a +0 pair of gloves (worn)
 v - a cursed +0 chain mail (worn)
Jewellery
 l - a ring of positive energy (left hand)
 w - a +6 ring of dexterity
Wands
 o - a wand of iceblast (10)
 t - a wand of random effects (8)
Scrolls
 c - a scroll of enchant weapon {unknown}
 f - 2 scrolls of remove curse {unknown}
 g - 3 scrolls of immolation {unknown}
 j - a scroll of teleportation {unknown}
 r - 2 scrolls of identify {unknown}
 u - a scroll of random uselessness {unknown}
 x - a scroll of fog {unknown}
 y - a scroll of amnesia {unknown}
Potions
 e - 2 potions of might {unknown}
 h - 2 potions of degeneration {unknown}
 i - 3 potions of flight {unknown}
 k - 2 potions of curing {unknown}
 m - a potion of lignification {unknown}
 s - 2 potions of haste {unknown}


   Skills:
 + Level 4.3 Fighting
 + Level 5.6 Axes
 + Level 0.3 Armour
 + Level 2.8 Dodging
 + Level 2.1 Stealth


You had 3 spell levels left.
You didn't know any spells.
Your spell library was empty.

Dungeon Overview and Level Annotations

Branches:
Dungeon (4/15)
 Temple: D:4-7

Altars:
Yredelemnul


Message History

You hit the dart slug.
The dart slug is lightly wounded.
The dart slug barely misses you.
You hit the dart slug.
The dart slug is severely wounded.
You hit the dart slug.
You kill the dart slug!
You hit the ogre.
The ogre is lightly wounded.
The ogre hits you with a +0 giant club!!
You slash the ogre!
The ogre is moderately wounded.
The ogre hits you but does no damage.
You hit the ogre.
The ogre is severely wounded.
The ogre hits you with a +0 giant club.
You completely miss the ogre.
The ogre is severely wounded.
The ogre hits you with a +0 giant club!
You die...

#######
#.....#
#<....#
#@....#
#....$Oo....#
........#####
........#
.....##.#
..... ..+
##.. #.# ..#
#+#


You could see an ogre and an orc.

Vanquished Creatures
  An adder (D:3)
  3 oozes
  2 worms (D:2)
  A dart slug (D:4)
  A leopard gecko (D:2)
  2 orcs (D:3)
  3 giant cockroaches
  10 goblins
  6 hobgoblins (D:3)
  4 jackals (D:3)
  A quokka (D:2)
  13 bats
  6 frilled lizards
  6 kobolds
  6 rats
65 creatures vanquished.

Notes
Turn   | Place    | Note
-------+----------+-------------------------------------------
     0 | D:1      | snetch the Hill Orc Monk began the quest for the Orb.
     0 | D:1      | Reached XP level 1. HP: 19/19 MP: 1/1
    93 | D:1      | Reached XP level 2. HP: 16/27 MP: 2/2
   618 | D:1      | Reached XP level 3. HP: 31/33 MP: 3/3
  1520 | D:2      | Reached XP level 4. HP: 40/40 MP: 4/4
  1556 | D:3      | Reached skill level 5 in Axes
  1920 | D:3      | Found a basalt altar of Yredelemnul.
  2317 | D:4      | Noticed an ogre
  2324 | D:4      | Slain by an ogre

Illustrated notes

Levels and vault maps discovered:
D:1:      tarquinn_simple_flora_water_b, layout_basic
D:2:      layout_loops_cross, minmay_splitting_lines
D:3:      layout_loops_ring, yredelemnul_altar_generic
D:4:      layout_basic, serial_shops, shop, minmay_pentangle, uniq_eustachio

Skill      XL: |  1  2  3  4 |
---------------+-------------+-----
Fighting       | 4 |  4.3
Stealth        | 2 |  2.1
Axes           | 5 |  5.6
Armour         | |  0.3
Dodging        | |  2.8

Action                   |  1- 3 |  4- 6 || total
-------------------------+-------+-------++-------
Melee: Hand axe          |   104 |    99 ||   203
 Stab: Sleeping          |     6 |       ||     6
Armor: Robe              |    28 |       ||    28
       Scale mail        |     9 |     9 ||    18
       Chain mail        |       |    64 ||    64
Dodge: Dodged            |    88 |    53 ||   141

Table legend: (Time is in decaauts)
 A = Elapsed time spent in this place.
 B = Non-inter-level travel time spent in this place.
 C = Inter-level travel time spent in this place.
 D = Time resting spent in this place.
 E = Time spent auto-exploring this place.
 F = Levels seen in this place.
 G = Mean time per level.
                   A        B        C        D        E       F      G
               +--------+--------+--------+--------+--------+-----+--------+
         Total |   2346 |   2275 |     71 |      6 |   1477 |   4 |  586.5 |
       Dungeon |   2346 |   2275 |     71 |      6 |   1477 |   4 |  586.5 |
               +--------+--------+--------+--------+--------+-----+--------+

Top non-repeatable levels by time:
     D:1: 936 daAuts
     D:2: 807 daAuts
     D:3: 581 daAuts
     D:4: 21 daAuts
